[Event "Khanty-Mansiysk FIDE GP (Women)"]
[Site "Khanty-Mansiysk"]
[Date "2014.04.20"]
[Round "10"]
[White "Stefanova, Antoaneta"]
[Black "Lagno, Kateryna"]
[Result "1/2-1/2"]
[ECO "D85"]
[WhiteElo "2489"]
[BlackElo "2543"]
[Annotator "ChessBase Website"]
[PlyCount "102"]
[EventDate "2014.04.09"]
[EventType "tourn"]
[EventRounds "11"]
[EventCountry "RUS"]
[EventCategory "10"]
[SourceTitle "CBM 160"]
[Source "ChessBase"]
[SourceDate "2014.05.15"]
[SourceVersion "1"]
[SourceVersionDate "2014.05.15"]
[SourceQuality "1"]
[TimeControl "40/5400+30:1800+30"]
[WhiteClock "1:30:00"]
[BlackClock "1:30:00"]

1. d4 Nf6 2. c4 g6 3. Nc3 d5 4. cxd5 Nxd5 5. Bd2 Bg7 6. e4 Nxc3 7. Bxc3 O-O 8. h4 (8. Qd2 c5 9. d5 Bxc3 10. bxc3 Qd6 11. f4 e6 12.
Bc4 b5 13. Bxb5 exd5 14. exd5 Nd7 15. Bxd7 Bxd7 16. Nf3 Bb5 17. Kf2 Rad8 18.
Rad1 Rfe8 19. Rhe1 f6 20. a3 Rxe1 21. Rxe1 Qxd5 22. Qxd5+ Rxd5 23. g4 Kf7 24.
g5 Rf5 25. Kg3 Bc6 26. gxf6 Bxf3 27. Kxf3 Kxf6 28. c4 g5 29. Re4 gxf4 30. a4 a5
31. h4 Kf7 32. Re1 Rh5 33. Kg4 Rh6 34. Re5 f3 35. Kxf3 Rxh4 36. Rxc5 Ke6 {
1/2-1/2 (36) Gelfand,B (2777)-Dominguez Perez,L (2754) Wijk aan Zee 2014}) 8...
c5 9. d5 e6 $146 (9... Bxc3+
10. bxc3 e6 11. d6 Qf6 12. Qd2 Nc6 13. h5 Rd8 14. Rd1 e5 15. hxg6 hxg6 16. Nf3
Bg4 17. Qh6 Rab8 18. Bc4 Rd7 19. Rd3 b5 20. Bd5 Nd8 21. Ng5 b4 22. c4 Rxd6 23.
Rg3 b3 24. axb3 Ra6 25. O-O Be6 26. Rf3 Qg7 27. Qxg7+ Kxg7 28. Bxe6 fxe6 29.
Rd1 Kh6 30. Rxd8 {1-0 (30) Shirov,A (2702)-Maletin,P (2582) Loo 2014}) 10. d6 Nc6 11. Nf3 e5 12. Qd5 Nd4 13. Bd3 Be6 14. Qxc5 Rc8 15. Qa3 Nxf3+ 16. gxf3 Rc6 17. Qxa7 Rxd6 18. Be2 b6 19. a4 Bh6 20. Bxe5 Rd2 21. Bb5 Bb3 22. Kf1 Bg7 23. Bxg7 Kxg7 24. Kg2 Qd4 25. Rhf1 Rc8 26. a5 bxa5 27. Qxd4+ Rxd4 28. Rfc1 Rxc1 29. Rxc1 a4 30. Rc8 h5 31. Ra8 Rd2 32. Bxa4 Bxa4 33. Rxa4 Rxb2 34. Ra7 Re2 35. Re7 Kf8 36. Re5 Re1 37. Ra5 $14 {[%emt 0:00:18] Stefanova went pawn hunting early in the
opening and she survived the incoming counter-attack from Lagno, reaching a
pawn up endgame. The position was objectively drawish, but some mistakes by
the Ukrainian put Stefanova in a great position to win. However, as usual for
her in this tournament, her technique let her down and Lagno escaped with a
draw.} Kg7 38. Ra4 Rb1 39.
f4 Rb3 40. Ra5 Rb4 41. f3 f5 42. Ra7+ Kh6 43. e5 Rxf4 44. e6 Rb4 45. Rf7 Rb6 46. e7 Re6 47. Kg3 Re5 48. Kf4 Re6 49. Kg3 Re5 50. Kf4 Re6 51. Kg3 Re5 1/2-1/2

[Event "Khanty-Mansiysk FIDE GP (Women)"]
[Site "Khanty-Mansiysk"]
[Date "2014.04.16"]
[Round "7"]
[White "Dzagnidze, Nana"]
[Black "Lagno, Kateryna"]
[Result "1/2-1/2"]
[ECO "D85"]
[WhiteElo "2550"]
[BlackElo "2543"]
[Annotator "ChessBase Website"]
[PlyCount "32"]
[EventDate "2014.04.09"]
[EventType "tourn"]
[EventRounds "11"]
[EventCountry "RUS"]
[EventCategory "10"]
[SourceTitle "CBM 160"]
[Source "ChessBase"]
[SourceDate "2014.05.15"]
[SourceVersion "1"]
[SourceVersionDate "2014.05.15"]
[SourceQuality "1"]
[TimeControl "40/5400+30:1800+30"]
[WhiteClock "1:30:00"]
[BlackClock "1:30:00"]

1. d4 Nf6 2. c4 g6 3. Nc3 d5 4. cxd5 Nxd5 5. e4 Nxc3 6. bxc3 Bg7 7. Be3 c5 8. Rc1 Qa5 9. Qd2 O-O 10. Nf3 Rd8 11. h3 (11. d5 e6 12. Bg5 Rd6 13. Bf4 Rd8 14. Bg5 Rd6 15. Bf4 Rd8 {1/2-1/2 
(15) Khenkin,I (2656)-Grischuk,A (2763) Istanbul 2012}) 11... Nc6 12. d5 e6 13. Bg5 $146 {[%emt 0:29:35]
Dzagnidze must have been surprised by Lagno's opening choice as she forced a
repetition in a still theoretical position.} (13. c4 Nb4 14. Be2 b6 15. Bg5 Rd7
16. O-O Nxa2 17. Qxa5 bxa5 18. Ra1 Nc3 19. Bd3 a4 20. Be3 Ba6 21. Ra3 exd5 22.
exd5 Rb8 23. Nd2 Rb2 24. Rc1 Na2 25. Rc2 Rxc2 26. Bxc2 Nc3 27. Bxa4 Rc7 28. Bc6
Bc8 29. Bxc5 h5 30. Bd6 Bf8 31. c5 Nxd5 32. Bxd5 {1-0 (32) Sasikiran,K (2675)
-Kozakov,M (2456) Venacu 2006}) 13... Rd6 14. Bf4 Rd8 15. Bg5 Rd6 16. Bf4 Rd8 1/2-1/2

[Event "EU-ch 12th"]
[Site "Aix les Bains"]
[Date "2011.03.26"]
[Round "5"]
[White "Nyback, Tomi"]
[Black "Kovchan, Alexander"]
[Result "0-1"]
[ECO "D85"]
[WhiteElo "2656"]
[BlackElo "2563"]
[Annotator "Marchand,A/Primel,D"]
[PlyCount "84"]
[EventDate "2011.03.22"]
[EventType "swiss"]
[EventRounds "11"]
[EventCountry "FRA"]
[SourceTitle "CBM 142 Extra"]
[Source "ChessBase"]
[SourceDate "2011.06.27"]
[SourceVersion "1"]
[SourceVersionDate "2011.06.27"]
[SourceQuality "1"]
[TimeControl "40/5400+30:1800+30"]

1. d4 Nf6 2. c4 g6 3. Nc3 d5 4. cxd5 Nxd5 5. e4 (5. Bd2) (5. Na4 Bg7 6. e4 Nb6
7. Nf3 O-O 8. Be2 Bg4 9. Be3 Nc6 10. d5 Bxf3 11. gxf3 Ne5 (11... Nb8 12. Qb3
Nxa4 13. Qxa4 c6 14. O-O-O $13)) 5... Nxc3 6. bxc3 Bg7 7. Bg5 (7. Nf3) (7. Bc4)
7... c5 8. Rc1 O-O 9. Nf3 (9. d5 f5 $132) 9... Bg4 10. d5 Qd6 {Continuant de
suivre la partie de référence Nyback-Svidler 2009} (10... f5 $5) 11. Be2 (11.
Qb3 $5 Bxf3 12. gxf3 b6 13. f4 $14) 11... Nd7 12. O-O (12. h3 {
Nyback,T (2628)-Svidler,P (2754) World Cup Khanty-Mansiysk 2009 (2.4) 1/2})
12... Bxf3 13. Bxf3 b5 $132 14. Be2 c4 15. f4 f6 $146 {
Tentative d'amélioration sur une partie de l'adversaire jouée l'année
précédente} (15... Nc5 16. Qc2 e6 17. Rcd1 exd5 18. Rxd5 Qb6 19. Kh1 Rae8 20.
e5 f6 21. Bh4 Qc6 22. Bf3 fxe5 23. Rxe5 Qb6 24. Rxe8 Rxe8 25. f5 Qd6 26. Qb1
Rf8 27. Qxb5 Qd3 28. Rd1 Qxf5 29. Qxc4+ Kh8 30. Be7 {Nyback,T (2635)-Kulaots,K
(2592)/Finland 2010/Mega2011 Update 05/1-0}) (15... Nb6 $5 {Avrukh GM 9} 16.
Qc2 f5) 16. Bh4 Nc5 17. Qd4 e5 $1 18. dxe6 Qxd4+
19. cxd4 Nxe6 20. Rxc4 $5 (20. d5) 20... f5 (20... bxc4 $143 21. Bxc4 Kf7 22.
f5 $40 ) 21. e5 (21. Rb4 Nxd4 22. Bxb5
Nxb5 23. Rxb5 fxe4 $11) 21... bxc4 22. Bxc4 Rfe8 23. d5 $13 g5 $1 24. fxg5 Nc5 $17 25. d6+ Kh8 26. e6 Rad8 27. Rd1 Rxe6 28.
Bxe6 Nxe6 29. Bf2 Rd7 30. h4 Kg8 31. Rd5 f4 32. Kf1 Bf8 33. Ra5 Rxd6 34. Rxa7
Rd2 35. Ra8 Kf7 36. a4 Bc5 37. Bxc5 Nxc5 38. a5 Ne4 39. a6 Ng3+ 40. Ke1 Rxg2
41. Rd8 f3 42. Rd2 Ne4 0-1

[Event "Cappelle op 32nd"]
[Site "Cappelle la Grande"]
[Date "2016.02.17"]
[Round "6"]
[White "Payen, Arnaud"]
[Black "Gopal, Geetha Narayanan"]
[Result "0-1"]
[ECO "D85"]
[WhiteElo "2333"]
[BlackElo "2525"]
[Annotator "Primel,D"]
[PlyCount "82"]
[EventDate "2016.02.13"]
[EventType "swiss"]
[EventRounds "9"]
[EventCountry "FRA"]
[SourceTitle "EXT 2017"]
[Source "ChessBase"]
[SourceDate "2016.10.25"]
[SourceVersion "1"]
[SourceVersionDate "2016.10.25"]
[SourceQuality "1"]
[TimeControl "40/5400+30:1800+30"]
[WhiteClock "1:30:00"]
[BlackClock "1:30:00"]

1. d4 {Une partie importante pour Arnaud qui compensait à penser à une norme
de GMI après son gain de la veille.} Nf6 2. c4 g6 3. Nc3 d5 4. cxd5 Nxd5 5. e4
Nxc3 6. bxc3 Bg7 7. Qa4+ {Une ligne à la mode} Nd7 8. Nf3 c5 (8... O-O) 9. Be2
O-O 10. O-O Qc7 (10... a6 11. Qa3 Qc7 12. e5 b6 13. Bg5 Re8 14. h4 Bb7 15. h5
b5 16. Rac1 Rac8 17. Qb2 f6 18. Be3 fxe5 19. hxg6 hxg6 20. dxc5 Nxc5 21. Ng5
Bf6 22. c4 Qc6 23. Nf3 e4 24. Nd4 Nd3 25. Qb3 bxc4 26. Rxc4 Qxc4 27. Qxb7 Bxd4
28. Qxe4 Bg7 29. Bxd3 Qxe4 30. Bxe4 Kh7 31. g3 Red8 32. Kg2 Bd4 33. Bg5 Kg7 34.
Re1 Bf6 35. Be3 Rc4 36. Bb7 Rd6 37. Re2 g5 38. f3 a5 39. g4 a4 40. Be4 {
Riazantsev,A (2646)-Nepomniachtchi,I (2705) Berlin 2015 0-1}) 11. e5 e6 12. Bg5
h6 $146 (12... a6 13. Qa3 Re8 14. Nd2 Bf8 15. Qc1 b5 16. Bf3 Bb7 17. Ne4 Bxe4
18. Bxe4 Rac8 19. Qf4 cxd4 20. cxd4 Qa7 21. Rad1 Rc4 22. Qg3 Bg7 23. Be3 Qb8
24. f4 Nb6 25. Qf3 Rd8 26. d5 exd5 27. Bxd5 Nxd5 28. Rxd5 Rxd5 29. Qxd5 Qc8 30.
Rd1 Bf8 31. h3 Bc5 32. Qd8+ Qxd8 33. Rxd8+ Kg7 34. Bxc5 Rxc5 {1/2-1/2 (34)
Pascua,H (2386)-Laylo,D (2491) Manila 2013}) 13. Bd2 Nb6 14. Qb3 cxd4 15. cxd4
Nd5 16. Rfc1 Qd8 17. a4 b6 18. a5 Rb8 19. axb6 axb6 20. h4 Bb7 21. h5 g5 22.
Nh2 f5 23. exf6 Qxf6 24. Ng4 Qxd4 25. Ra2 Rbc8 26. Rxc8 Rxc8 27. Rc2 Ra8 28.
Ra2 Rc8 29. Rc2 Rf8 30. Bf3 Kh8 31. Bc1 Qb4 32. Qa3 Qb1 (32... Qxa3) 33. Qa2 $2
(33. Rc4 Rxf3 $5 (33... Qf5) 34. Qxf3) 33... Qxa2 34. Rxa2 Nc3 35. Rb2 Bxf3 36.
gxf3 b5 37. Kg2 Rb8 38. Rb4 Na2 39. Rb1 b4 40. Be3 b3 41. Ba7 Rb7 0-1

[Event "Sautron op 13th"]
[Site "Sautron"]
[Date "2013.10.30"]
[Round "6"]
[White "Nguyen, Chi Minh"]
[Black "Le Roux, Jean Pierre"]
[Result "1/2-1/2"]
[ECO "D85"]
[WhiteElo "2389"]
[BlackElo "2571"]
[Annotator "RR"]
[PlyCount "128"]
[EventDate "2013.10.26"]
[EventType "swiss"]
[EventRounds "9"]
[EventCountry "FRA"]
[SourceTitle "EXT 2016"]
[Source "ChessBase"]
[SourceDate "2015.10.08"]
[SourceVersion "1"]
[SourceVersionDate "2015.10.08"]
[SourceQuality "1"]
[TimeControl "40/5400+30:1800+30"]
[WhiteClock "1:30:00"]
[BlackClock "1:30:00"]

1. d4 Nf6 2. c4 g6 3. Nc3 d5 4. cxd5 Nxd5 5. e4 Nxc3 6. bxc3 Bg7 7. Be3 {[%emt 0:00:41] Une variante
solide qui était le thème du Championnat du Monde de Lyon} c5 8. Rc1 Qa5 9. Qd2 cxd4 (9... O-O {L'alternative} 10. Nf3 Rd8 11. d5 e6
12. Bg5 f6 13. Bf4 Qa4 14. c4 (14. Qc2 Qxc2 15. Rxc2 exd5 16. exd5 Bf5 $11 {
Ding,L (2565)-Gupta,A (2560) Asian Continental op 9th 2010 (8) 1/2}) 14... Nc6
15. Be3 exd5 {Sargissian,G (2677)-Svidler,P (2731) Khanty-Mansiysk ol (Men)
39th 2010 (9.3) 0-1} (15... b6 $5 16. Bd3 Nb4 17. Bb1 b5 $1 {Delchev})) 10.
cxd4 Qxd2+ 11. Bxd2 O-O 12. Nf3 Bg4 (12... e6 13. Bc4
Nc6 14. d5 exd5 15. Bxd5 h6 16. O-O Re8 17. Rb1 Re7 18. Rfc1 Be6 19. Bxe6 fxe6
20. Kf1 Rd8 21. Be3 Rd3 22. Ne1 Rd8 23. h4 Rf7 24. Nf3 Rd3 25. Bc5 Rfd7 26. Ke2
Rc3 27. Rxc3 Bxc3 28. g4 Bf6 29. Be3 Kg7 30. g5 hxg5 31. hxg5 Be7 32. Bd2 Bd8
33. Bc3+ Kg8 34. Bf6 Bb6 35. Nh2 Rh7 36. Ng4 Kf8 37. Kf3 Ke8 38. Kg2 Rh4 39.
Kg3 Rh7 40. f4 Rd7 41. Rh1 Rd3+ 42. Kg2 {Kramnik,V (2784)-Caruana,F (2796)
Dortmund 2013 1-0 (76)}) 13. Be3 Nc6 14. d5 Bxf3 15. gxf3 Nd4 16. Bh3 $1 f5 (16... Nxf3+ $143 17.
Ke2 Nd4+ 18. Kd3 e5 19. Rc7 $32 ) 17. Bxd4 Bxd4 18. exf5 (18. Rc4 Bb6 19. exf5 Rac8 20. Rxc8 Rxc8 21. O-O Rc2 $132) 18... gxf5 19. Rg1+ $146 (19. Ke2 Rad8 20. Rc7 Rxd5 21. Rxe7 Bc5 22. Rg1+
Kh8 23. Re6 Rfd8 24. Rc1 Rd2+ 25. Ke1 Bxf2+ 26. Kf1 Bb6 27. Re2 R2d3 28. Bg2 f4
29. Rb1 Be3 30. Bh3 Rd1+ 31. Rxd1 Rxd1+ 32. Re1 Rd6 33. Bf5 Kg7 34. Be4 b5 35.
Re2 Rd1+ 36. Re1 Rxe1+ 37. Kxe1 h6 38. Ke2 Kf6 39. Bc6 a6 40. Bb7 a5 41. Bc6 b4
42. Be8 {1/2-1/2 (42) Bazant,P (2303)-Skliba,M (2285) Czechia 2010}) 19... Kh8 20. Rg5 Rad8 21. Rxf5 Rxf5 22. Bxf5 Rxd5 23. Rc8+ Kg7 24. Rg8+ $1 Kh6 {[%emt 0:23:31] Joue pour le gain mais le K Noir est coupé} (24...
Kxg8 25. Be6+ {Conduit à une finale de B de couleurs opposées compensant la
mauvaise structure des Blancs}) 25. Be4 Ra5 26. Rg3 Rh5 27. f4 Rxh2 28. Bg2 b6 29. Rg4 Rh5 30. Be4 Bf6 31. f5 Rh3 32. Bd5 Rh5 33. Be6 $44 Rh2 34. Kf1 Kh5 (34... Rh3) 35.
Ra4 a5 36. Kg1 Rh4 37. Rxh4+ Kxh4 38. a4 Kg4 39. Bd7 Kh3 $15 40. Kf1 h5 41. Bb5 Kg4 42. Bd7 h4 43. Kg2 h3+ 44. Kg1 Kh4 (44... Be5 45. f6+) 45. Kh1 Be5 {[%emt 0:00:
07] Le problème des Noirs est que le P passé "h" est soutenu par le mauvais B
} 46. Kg1 Kg5 47. Kh1 Kf6 48. Kg1 Bf4 49.
Kh1 h2 (49... Ke5) 50. Kg2 Ke5 51. Kh1 Ke4 52. Kg2 Bd6 53. f6 $1 exf6 54. f3+ Ke3 55. Bc6 Be5 56. Bd7 Bc7 57. Bc6 Bf4 58. Bd7 Bc7 59. Bc6 f5 60. Bd7 Kf4
$11 61. Kxh2 Kxf3+ 62. Kg1 f4 63. Kf1 Kg3 64. Bb5 f3 1/2-1/2

[Event "Sautron op 13th"]
[Site "Sautron"]
[Date "2013.10.27"]
[Round "2"]
[White "Koziak, Vitali"]
[Black "Bedouin, Xavier"]
[Result "1-0"]
[ECO "D85"]
[WhiteElo "2481"]
[BlackElo "2345"]
[Annotator "RR"]
[PlyCount "61"]
[EventDate "2013.10.26"]
[EventType "swiss"]
[EventRounds "9"]
[EventCountry "FRA"]
[SourceTitle "EXT 2014"]
[Source "ChessBase"]
[SourceDate "2013.11.20"]
[SourceVersion "1"]
[SourceVersionDate "2013.11.20"]
[SourceQuality "1"]
[TimeControl "40/5400+30:1800+30"]
[WhiteClock "1:30:00"]
[BlackClock "1:30:00"]

1. d4 Nf6 2. c4 g6 3. Nc3 d5 4. cxd5 Nxd5 5. Na4 $5 {[%emt 0:00:53][%csl Gc5][%cal Ge2e4] Une
ligne secondaire du MI NADANIAN pour éviter Nc3 et menacer de prendre le
centre par e4 tout en surcontrolant la case "c5"} Bg7 6. e4 Nb6 (6... Nf6 7. f3) 7. Be3 O-O 8. Nf3 (8. Be2 Nxa4 9. Qxa4 c5 {[%cal
Gg7b2];Fahrner,K (2380)-Schachinger,M (2232) Graz op 2005 (4) 1/2}) 8... Bg4 9. Nc5 (9. Be2 Nc6 (9... Nxa4 10. Qxa4 c5) 10.
d5 Ne5 11. Nxe5 Bxe2 12. Qxe2 Nxa4 13. f4 e6 14. Qc2 (14. dxe6 Bxe5 15. exf7+
Rxf7 16. fxe5 Qh4+ 17. Bf2 Rxf2 18. Qxf2 Qxe4+ {Delchev}) 14... Nb6 {Van
Kampen,R (2618)-Schreiner,P (2452) EU-chT (Men) 19th 2013 (1.8) 1/2}) 9... Nc6 10. d5 {[%emt 0:10:32] Une longue réflexion étonnante car
normalement, les Blancs avaient préparé cette ligne Na4} (10. Nxb7 Qb8 11.
Ba6 f5 12. exf5 Rxf5 13. Nc5 e5 $6 (13... Bxf3 14. gxf3 e5 $13) 14. Qb3+ Kh8
15. Nxe5 Nxe5 16. dxe5 Rxe5 17. O-O Qf8 18. Rac1 Rd8 19. h3 Bf5 20. Rfd1 Red5
21. Re1 Re5 22. Red1 Red5 23. Rxd5 Rxd5 24. a4 Rd6 25. Nb7 Rd7 26. a5 Nd5 27.
Bb5 {1-0 (27) Riazantsev,A (2714)-Le Roux,J (2551) Belfort 2012}) 10... Ne5 11. Nxb7 $146 (11. Be2 Bxf3 12. gxf3 Nec4 13.
Bd4 Nxb2 14. Qd2 N2c4 15. Qc3 e5 16. Be3 Nxe3 17. Qxe3 Qh4 18. a4 a5 19. Nxb7
Nxd5 20. exd5 Qb4+ 21. Kf1 Qxb7 22. Rd1 Qb4 23. Bb5 Qh4 24. h3 f5 25. Qb3 Kh8
26. Rc1 e4 27. Rxc7 Bd4 28. Rc2 Rac8 29. Bc6 Rb8 30. Bb5 Rfc8 31. d6 Rc3 32.
Qxc3 Bxc3 33. Rxc3 Qf6 34. Re3 Qxd6 35. fxe4 f4 36. Re1 Rc8 37. Kg2 Qf6 38. e5
Qg5+ 39. Kf3 Qh5+ 40. Ke4 Qf5+ {Kantorik,M (2341)-Llaneza Vega,M (2468)
Pardubice 2008 0-1}) (11. Rc1 c6 (11... e6 12. Nxb7 {Alienkin,A (2415)
-Groszpeter,A (2505) Pardubice Czech op 1998 (6) 1/2})) 11... Qb8 12. Ba6 Nbc4 (12... f5 $5) 13. O-O Qc8 $13 14. Bf4 Bxf3 (14... Nxf3+ $143 15. gxf3 Bh3 16. Nc5 Qb8 17. Bxc4
Qb4 18. Qc2 Qxc5 19. Rfc1 $14) 15. gxf3 Qh3 16. Bg3 Nd2 (16... Nxb2 17. Qe2 Na4 18. Rac1)
17. Be2 Nxf1 18. Bxf1 $44 Qc8 19. Ba6 Rb8 20. Nc5 Qe8 (20... Qh3 $2 21. f4 Ng4 22. Bf1) 21. Rb1 c6 22. b4 cxd5 23. exd5 Rb6 24. Qe2 Qb8 $6 (24... Nd7 $142 25. Bb5 Rxb5 26. Qxb5 Nb6) 25. Nd7 Qd6 (25... Qc7) 26. Nxe5 Rxb4 27. Rxb4 Qxb4 28. Nc6 Qc5 29. Nxe7+ Kh8 30. d6 Rd8 31. Qc4 1-0

[Event "Rohde op 09th"]
[Site "Sautron"]
[Date "2009.10.26"]
[Round "4"]
[White "Lalic, Bogdan"]
[Black "Colovic, Aleksandar"]
[Result "1/2-1/2"]
[ECO "D85"]
[WhiteElo "2495"]
[BlackElo "2441"]
[Annotator "RR"]
[PlyCount "53"]
[EventDate "2009.10.24"]
[EventType "swiss"]
[EventRounds "9"]
[EventCountry "FRA"]
[SourceTitle "EXT 2010"]
[Source "ChessBase"]
[SourceDate "2010.11.25"]
[SourceVersion "1"]
[SourceVersionDate "2010.11.25"]
[SourceQuality "1"]
[TimeControl "40/6000+30:1800+30"]

1. d4 Nf6 2. c4 g6 3. Nc3 d5 4. cxd5 Nxd5 5. e4 Nxc3 6. bxc3 Bg7 7. Nf3 c5 8.
Bb5+ (8. Rb1) (8. Be3) 8... Nc6 (8... Bd7) (8... Nd7) 9. O-O cxd4 10. cxd4 O-O
11. Be3 Bg4 12. Bxc6 (12. d5 {Ce sacrifice de qualité a été peu
utilisé mais les blancs ont des bonnes compensations} Ne5 (12... Bxa1 13. Qxa1
$44 ) 13. Rb1 $14 {Peev,P (2440)-Ghinda,M (2445)
Pernik 1978 (2) 1-0}) 12... bxc6 13. Rc1 Qa5 (13... Qd7) 14. Qd2 Qxd2 15. Nxd2
Rfd8 16. Nb3 a5 $11 17. Rxc6 a4 18. Nc5 Bxd4 19. Bxd4 Rxd4 20. f3 Rc8 $1 21.
Rxc8+ Bxc8 22. Rc1 a3 23. Nb3 Rd8 24. Nc5 $146 (24. Rc7 {Gustafsson,J (2603)
-Kramnik,V (2788) Dortmund SuperGM 2008 (1) 1/2}) 24... Rd2 25. Nb3 Rd8 26. Nc5
Rd2 27. Nb3 1/2-1/2